 Seeded DCSS version 0.29-a0-664-gff9cad4a3d (webtiles) character file.

Game seed: 10802498693541890562 (custom seed)

97 wilfster70 the Stinger (level 4, 0/24 HPs)
             Began as a Gargoyle Venom Mage on June 22, 2022.
             Slain by an ice beast (12 damage)
             ... on level 4 of the Dungeon.
             The game lasted 00:07:15 (3388 turns).

wilfster70 the Stinger (Gargoyle Venom Mage)        Turns: 3388, Time: 00:07:16

Health: 0/24       AC:  8    Str: 12    XL:     4   Next: 68%
Magic:  9/9        EV: 15    Int: 17    God:
Gold:   230        SH:  0    Dex: 10    Spells: 5/9 levels left

rFire   . . .      SeeInvis .   a - +1 dagger (venom)
rCold   . . .      Faith    .   (no shield)
rNeg    + . .      Spirit   .   c - +0 robe
rPois   ∞          Reflect  .   i - +0 helmet
rElec   +          Harm     .   (no cloak)
rCorr   .          Rampage  .   g - +0 pair of gloves
Will    .....                   d - +0 pair of boots
Stlth   ++........              (no amulet)
HPRegen 0.08/turn               j - +4 ring of evasion
MPRegen 0.11/turn               (no ring)

@: no status effects
A: sickness immunity, AC +3, negative energy resistance 1, electricity
resistance, torment resistance 1, petrification resistance
a: no special abilities


You were on level 4 of the Dungeon.
You visited 1 branch of the dungeon, and saw 4 of its levels.

You collected 230 gold pieces.

Inventory:

Hand Weapons
 a - a +1 dagger of venom (weapon)
 b - a +3 spear
Armour
 c - a +0 robe (worn)
 d - a +0 pair of boots (worn)
 g - a +0 pair of gloves (worn)
 i - a +0 helmet (worn)
Jewellery
 j - a +4 ring of evasion (left hand)
Scrolls
 r - a scroll of identify
Potions
 e - 3 potions of curing
 f - a potion of magic
 h - a potion of lignification


   Skills:
 - Level 1.5 Dodging
 - Level 2.1 Stealth
 + Level 3.4 Spellcasting
 - Level 0.7 Transmutations
 + Level 4.2 Poison Magic


You had 5 spell levels left.
You knew the following spells:

 Your Spells              Type           Power      Damage    Failure   Level
a - Sting                 Tmut/Pois      44%        1d5       6%          1
b - Mephitic Cloud        Conj/Pois/Air  7%         N/A       28%         3

Your spell library contained the following spells:

 Spells                   Type           Power      Damage    Failure   Level
 Poisonous Vapours        Pois/Air       20%        N/A       11%         2
 Freeze                   Ice            8%         1d3       17%         1
 Ignite Poison            Fire/Tmut/Pois 8%         N/A       26%         3
 Olgreb's Toxic Radiance  Pois           17%        N/A       28%         4
 Conjure Flame            Conj/Fire      2%         6-21      45%         3
 Frozen Ramparts          Ice            4%         1d2       45%         3
 Hailstorm                Conj/Ice       2%         3d3       86%         4
 Sticky Flame             Conj/Fire      2%         2d3       86%         4


Dungeon Overview and Level Annotations

Branches:
Dungeon (4/15)
 Temple: D:4-7

Altars:

Shops:
D:1 *   D:2 :


Innate Abilities, Weirdness & Mutations

You are immune to sickness and miasma.
Your stone body is resilient. (AC +3)
You are immune to poison.
You resist negative energy. (rN+)
You are resistant to electric shocks. (rElec)
You are resistant to unholy torment.
You are immune to petrification.


Message History

a +0 club; 2 stones; a kobold skeleton You see here a quokka skeleton.
There is an open door here.
There is an open door here.
Found a faded altar of an unknown god.
You now have 230 gold pieces (gained 5).
There is a stone staircase leading down here.
Found a stone staircase leading up.
Found a stone staircase leading up.
Found a hand axe.
You pick up an Everburning Encyclopedia and begin reading...
You add the spells Conjure Flame, Ignite Poison and Sticky Flame to your library.
Done exploring.
(D) Dungeon
Where to? (Enter - D:3, ? - help)
You see here a +0 dagger.
There is a stone staircase leading down here.
You climb downwards.
There is a stone staircase leading up here.
A kobold comes into view. It is wielding a +0 dagger.
The kobold shouts!
The kobold barely misses you. The kobold hits you but does no damage.
You hit the kobold.
The kobold is poisoned.
The kobold is severely wounded.
You kill the kobold!
Things that are here:
a +0 dagger; 2 stones; a kobold corpse
Found a dagger.
An ice beast comes into view.
An ice beast is nearby!
Casting: Sting (safe; 6% risk of failure)
Confirm with . or Enter, or press ? or * to list all spells.
You can't see any susceptible monsters within range! (Use Z to cast anyway.)
The ice beast hits you but does no damage.
The ice beast hits you. The ice beast freezes you!
You hit the ice beast but do no damage. The ice beast hits you.
The ice beast freezes you!
Ouch! That really hurt!
You die...

#.....#... ..#...# .
#.......# .#...#.. #.
#.......# ##.#.#.#.#.#
#.......# #.#...#...#.
#.....# ##..#...#...
##.....# #..#.#.#.#.#
#.....)# #...#...#...
##.##.....Y#####.....#...#.
.........##@.........#.#.#.#
..#.####.#####........#...#.
# #.# #.......##.#### #.#
#....)..##.. + #.#
##.......##### # #.#
#........# # #.# #........#
# #.# #........# #
#######.##


You could see an ice beast.

Vanquished Creatures
  3 adders
  2 worms
  2 dart slugs
  7 orcs (D:3)
  4 endoplasms
  3 giant cockroaches
  2 goblins (D:3)
  2 hobgoblins
  2 quokkas
  4 ball pythons
  6 bats
  A frilled lizard (D:2)
  14 kobolds
  2 rats
54 creatures vanquished.

Vanquished Creatures (others)
  3 plants (D:1)
3 creatures vanquished.

Grand Total: 57 creatures vanquished

Notes
Turn   | Place    | Note
-------+----------+-------------------------------------------
     0 | D:1      | wilfster70 the Gargoyle Venom Mage began the quest for the
                  | Orb.
     0 | D:1      | Reached XP level 1. HP: 10/10 MP: 3/3
   483 | D:1      | Found Ucketis's Assorted Antiques.
   502 | D:1      | Reached XP level 2. HP: 13/15 MP: 1/5
  1206 | D:2      | Found Temitahe's Book Shoppe.
  1351 | D:2      | Reached XP level 3. HP: 16/19 MP: 5/7
  1355 | D:2      | Learned a level 3 spell: Mephitic Cloud
  2515 | D:3      | Reached skill level 4 in Poison Magic
  2515 | D:3      | Reached XP level 4. HP: 11/24 MP: 0/8
  3184 | D:3      | Found a faded altar of an unknown god.
  3376 | D:4      | Noticed an ice beast
  3388 | D:4      | Slain by an ice beast

Illustrated notes

Levels and vault maps discovered:
D:1:      lemuel_arrival_funnel, layout_loops_cross, serial_shops, shop,
          serial_bayou_lake_a
D:2:      layout_basic, serial_shops, nicolae_shop_advertising_works
          [nicolae_subvault_shop_adworks]
D:3:      layout_basic, shapermc_ecumenical_altar_mp_highgroup,
          minmay_misc_feat_plants, minmay_misc_feat_hallway, minmay_vboxes
D:4:      layout_basic, mainiacjoe_overflow_paths, kennysheep_doodads

Skill      XL: |  1  2  3 |
---------------+----------+-----
Spellcasting   | 3 |  3.4
Poison Magic   | 4 |  4.2
Dodging        | |  1.5
Stealth        | |  2.1
Transmutations | |  0.7

Action                   |  1- 3 |  4- 6 || total
-------------------------+-------+-------++-------
Melee: Dagger            |    93 |    55 ||   148
       Mace              |     3 |       ||     3
       Punch             |     1 |       ||     1
 Cast: Sting             |    28 |     4 ||    32
  Use: Scroll            |     9 |       ||     9
 Stab: Sleeping          |     2 |       ||     2
Armor: Robe              |    56 |    16 ||    72
Dodge: Dodged            |    83 |    30 ||   113

Table legend: (Time is in decaauts)
 A = Elapsed time spent in this place.
 B = Non-inter-level travel time spent in this place.
 C = Inter-level travel time spent in this place.
 D = Time resting spent in this place.
 E = Time spent auto-exploring this place.
 F = Levels seen in this place.
 G = Mean time per level.
                   A        B        C        D        E       F      G
               +--------+--------+--------+--------+--------+-----+--------+
         Total |   3408 |   3313 |     95 |    943 |   1472 |   4 |  852.0 |
       Dungeon |   3408 |   3313 |     95 |    943 |   1472 |   4 |  852.0 |
               +--------+--------+--------+--------+--------+-----+--------+

Top non-repeatable levels by time:
     D:1: 1220 daAuts
     D:3: 1183 daAuts
     D:2: 958 daAuts
     D:4: 46 daAuts
